 Dungeon Crawl Stone Soup version 0.31.0-1-g2c135a008e (webtiles) character file.

Game seed: 17087042184277027277

138 qw the Shooter (level 5, -1/40 HPs)
             Began as a Djinni Hunter on Jan 24, 2024.
             Slain by Pikel
             ... wielding a +1 whip of freezing
              (4 damage)
             ... on level 4 of the Dungeon.
             The game lasted 00:00:11 (2988 turns).

qw the Shooter (Djinni Hunter)                      Turns: 2988, Time: 00:00:12

Health: -1/40      AC:  5    Str: 10    XL:     5   Next: 45%
Gold:   189        EV: 11    Int: 11    God:
                   SH:  0    Dex: 18

rFire   + + .        a - +1 shortbow
rCold   x . .        (shield currently unavailable)
rNeg    . . .        i - +0 ring mail
rPois   inf          (no helmet)
rElec   .            (no cloak)
rCorr   .            (no gloves)
SInv    .            (boots unavailable)
Will    .....        (no amulet)
Stlth   +            (no ring)
HPRegen 0.26/turn    (no ring)
MPRegen 0.00/turn

%: infuse magic (-2 HP)
@: flying
A: sickness immunity, fire resistance 2, cold vulnerability 1, float, innate
caster, HP casting, extra vitality 1
a: no special abilities


You were on level 4 of the Dungeon.
You visited 1 branch of the dungeon, and saw 4 of its levels.

You collected 189 gold pieces.


Innate Abilities, Weirdness & Mutations

You are immune to sickness and miasma.
You are immune to poison.
Your flesh is very heat resistant. (rF++)
You are vulnerable to cold. (rC-)
You float through the air rather than walking.
You learn spells naturally, not from books.
Your magical power is your life essence.
You have superior vitality. (+4 MHP)


   Skills:
 - Level 3.0 Fighting
 + Level 4.5 Ranged Weapons
 - Level 1.0 Armour
 - Level 2.8 Dodging
 - Level 0.7 Stealth


You knew the following spells:

 Your Spells              Type           Power      Damage    Failure   Level
a - Kiss of Death         Conj/Necr      0%         2d5       65%         1
b - Jinxbite              Hex            0%         N/A       80%         2
Your spell library was empty.

Inventory:

Hand Weapons
 a - a +1 shortbow (weapon)
Armour
 i - a +0 ring mail (worn)
Wands
 f - a wand of roots (13)
 h - a wand of polymorph (6)
Potions
 d - 3 potions of haste
 e - a potion of enlightenment
 g - a potion of curing
 k - a potion of might
 l - a potion of cancellation

Dungeon Overview and Level Annotations

Branches:
Dungeon (4/15)
 Temple: D:4-7

Altars:

Shops:
D:2 [

Annotations:
D:4 Pikel


Message History

A lemure comes into view.
2978 ||| RETREEEEATING.
The lemure shouts!
2979 ||| RETREEEEATING.
You shoot an arrow.
The arrow hits the lemure but does no damage.
The lemure barely misses you.
You shoot an arrow.
The arrow hits the lemure but does no damage.
The lemure hits you.
You shoot an arrow. The arrow hits the lemure.
The lemure is lightly wounded.
The lemure hits you!
You shoot an arrow. The arrow closely misses Pikel.
The arrow hits the lemure!
The lemure is moderately wounded.
You shoot an arrow. The arrow hits Pikel.
Pikel is lightly wounded.
Pikel barely misses you.
Pikel says, "You'll make a fine lemure."
Pikel hits you with a +1 whip of freezing!
Pikel freezes you.
You shoot an arrow. The arrow hits Pikel.
Pikel is lightly wounded.
Pikel closely misses you.
You shoot an arrow. The arrow barely misses Pikel.
The arrow hits the lemure.
The lemure is moderately wounded.
Pikel hits you with a +1 whip of freezing!
Pikel freezes you.
You shoot an arrow.
The arrow hits Pikel but does no damage.
Pikel is lightly wounded.
Pikel hits you but does no damage.
A centaur comes into view.
You shoot an arrow.
The arrow hits Pikel but does no damage.
Pikel is lightly wounded.
Pikel hits you with a +1 whip of freezing!
Pikel freezes you.
You die...
Pikel says, "Another soul for the market."

### ..# #.# #.# #.#
###.########.#######
.......@K5.c........
#.#######5##.#......
#####5#..# .####
......K.5# #
<.......5#
.........#
.....5...#
..........
.........##


You could see Pikel, 2 lemures and a centaur.

Vanquished Creatures
  4 adders
  2 dart slugs
  2 ribbon worms
  6 orcs
  10 ball pythons
  3 endoplasms
  3 giant cockroaches
  7 goblins
  14 hobgoblins
  4 jackals (D:1)
  5 kobolds
  3 quokkas
  9 bats
  2 frilled lizards
  7 rats
81 creatures vanquished.

Notes
Turn   | Place    | Note
-------+----------+-------------------------------------------
     0 | D:1      | qw the Djinni Hunter began the quest for the Orb.
     0 | D:1      | Reached XP level 1. HP: 18/18 MP: 0/0
     0 | D:1      | 0 ||| qw: Version: 0.3-a-136-gdd3b4e8
     0 | D:1      | 0 ||| qw: Game counter: 1369
     0 | D:1      | 0 ||| qw: Melee chars always use a shield: true
     0 | D:1      | 0 ||| qw: God list: Okawaru
     0 | D:1      | 0 ||| qw: Allow faded altars: false
     0 | D:1      | 0 ||| qw: Do Orc after clearing Dungeon:15 true
     0 | D:1      | 0 ||| qw: Do second Lair branch before Depths: true
     0 | D:1      | 0 ||| qw: Lair rune preference: random
     0 | D:1      | 0 ||| qw: Goals: Normal
     0 | D:1      | 0 ||| PLANNING D:1-11
   163 | D:1      | Reached XP level 2. HP: 23/23 MP: 0/0
   319 | D:1      | Reached XP level 3. HP: 28/28 MP: 0/0
   319 | D:1      | Learned a level 1 spell: Kiss of Death
   320 | D:1      | Reached skill level 4 in Ranged Weapons
   929 | D:1      | 929 ||| READING scroll labelled ZUPLEWKYSI.
   930 | D:1      | 930 ||| READING 2 scrolls labelled OSMEDU EFENUNUNK.
   930 | D:1      | 930 ||| IDENTIFYING clear potion
   931 | D:1      | 931 ||| READING scroll of identify.
   931 | D:1      | 931 ||| IDENTIFYING sedimented sapphire potion
   932 | D:1      | 932 ||| DROPPING scroll of butterflies.
   933 | D:1      | 933 ||| DROPPING potion of brilliance.
  1039 | D:2      | Reached XP level 4. HP: 34/34 MP: 0/0
  1062 | D:2      | Reached skill level 3 in Fighting
  1306 | D:2      | Found a faded altar of an unknown god.
  1379 | D:2      | Found Qigexosa's Antique Armour Shoppe.
  1383 | D:2      | 1383 ||| SHOPLISTING +3 hat of Pondering {ponderous, Will+
                  | MP+10 Int+5} (800 gold, have 91).
  1383 | D:2      | 1383 ||| SHOPLISTING cloak (94 gold, have 91).
  1383 | D:2      | 1383 ||| SHOPLISTING glowing leather armour (105 gold, have
                  | 91).
  1755 | D:2      | 1755 ||| UPGRADING to +0 ring mail.
  1765 | D:2      | 1765 ||| DROPPING +0 leather armour.
  1766 | D:2      | 1766 ||| READING 4 scrolls of identify.
  1766 | D:2      | 1766 ||| IDENTIFYING sedimented ruby potion
  1767 | D:2      | 1767 ||| READING 3 scrolls of identify.
  1767 | D:2      | 1767 ||| IDENTIFYING sapphire potion
  1768 | D:2      | 1768 ||| READING 2 scrolls of identify.
  1768 | D:2      | 1768 ||| IDENTIFYING metallic ruby potion
  1769 | D:2      | 1769 ||| READING scroll of identify.
  1769 | D:2      | 1769 ||| IDENTIFYING ruby potion
  1770 | D:2      | 1770 ||| READING scroll labelled DIYBLA SUPA.
  1871 | D:2      | 1871 ||| READING scroll labelled HUFOKUKHLOYR.
  1876 | D:2      | 1876 ||| DROPPING potion of attraction.
  1877 | D:2      | 1877 ||| DROPPING potion of ambrosia.
  2168 | D:3      | Reached skill level 1 in Armour
  2392 | D:3      | Reached XP level 5. HP: 38/40 MP: 0/0
  2392 | D:3      | Learned a level 2 spell: Jinxbite
  2834 | D:3      | 2834 ||| READING 3 scrolls of identify.
  2834 | D:3      | 2834 ||| IDENTIFYING fuming red potion
  2835 | D:3      | 2835 ||| READING 2 scrolls of identify.
  2835 | D:3      | 2835 ||| IDENTIFYING sedimented brown potion
  2836 | D:3      | 2836 ||| READING scroll of identify.
  2836 | D:3      | 2836 ||| IDENTIFYING black potion
  2837 | D:3      | 2837 ||| READING scroll labelled VOFEEZXEBIL.
  2838 | D:3      | 2838 ||| READING scroll labelled TEMUSEISYT.
  2838 | D:3      | 2838 ||| ENCHANTING +0 shortbow.
  2839 | D:3      | 2839 ||| READING scroll labelled FAUNOA JIATO.
  2912 | D:3      | 2912 ||| DRINKING 2 bubbling clear potions.
  2944 | D:3      | 2944 ||| DROPPING potion of lignification.
  2945 | D:3      | 2945 ||| DROPPING potion of degeneration.
  2969 | D:4      | Noticed a lemure
  2969 | D:4      | Noticed a lemure
  2970 | D:4      | 2970 ||| RETREEEEATING.
  2970 | D:4      | Noticed a lemure
  2970 | D:4      | Noticed Pikel
  2971 | D:4      | 2971 ||| RETREEEEATING.
  2972 | D:4      | 2972 ||| RETREEEEATING.
  2973 | D:4      | 2973 ||| RETREEEEATING.
  2974 | D:4      | 2974 ||| RETREEEEATING.
  2975 | D:4      | 2975 ||| RETREEEEATING.
  2977 | D:4      | 2977 ||| RETREEEEATING.
  2977 | D:4      | Noticed a lemure
  2978 | D:4      | 2978 ||| RETREEEEATING.
  2979 | D:4      | 2979 ||| RETREEEEATING.
  2986 | D:4      | HP: 10/40 [Pikel/+1 whip of freezing (7)]
  2987 | D:4      | Noticed a centaur
  2988 | D:4      | HP: 3/40 [Pikel/+1 whip of freezing (7)]
  2988 | D:4      | Slain by Pikel

Levels and vault maps discovered:
D:1:      minmay_arrival_nine_rooms, layout_basic, dk_noncrumbling_2
D:2:      layout_basic, serial_shops, shop, serial_corexii_hall,
          corexii_hall_statues_i, corexii_hall_statues_x,
          ebering_ecumenical_altar_hall
D:3:      minmay_evil_eye, layout_basic, minmay_joined_circles
D:4:      layout_basic, bloody_makhleb, uniq_menkaure, uniq_natasha, uniq_pikel

Skill      XL: |  1  2  3  4 |
---------------+-------------+-----
Ranged Weapons | 4 |  4.5
Fighting       | 3 |  3.0
Armour         | 1 |  1.0
Dodging        | |  2.8
Stealth        | |  0.7

Action                     |  1- 3 |  4- 6 || total
---------------------------+-------+-------++-------
   Fire: Shortbow          |    93 |   154 ||   247
    Use: Scroll            |     3 |    12 ||    15
         Potion            |       |     1 ||     1
 Armour: Leather armour    |    20 |     9 ||    29
         Ring mail         |       |    76 ||    76
  Dodge: Dodged            |    23 |    87 ||   110

Table legend:
 A = Non-vault XP
 B = Vault XP
 C = Vault XP percentage of total XP
 D = Non-vault monster count
 E = Vault monster count
 F = Vault count percentage of total count
                 A         B        C        D         E       F
            +---------+---------+-------+---------+---------+-------
      Total |     150 |      48 |  24.2 |      60 |      21 |  25.9
            +---------+---------+-------+---------+---------+-------
        D:1 |      54 |       0 |   0.0 |      29 |       0 |   0.0
        D:2 |      46 |       0 |   0.0 |      19 |       0 |   0.0
        D:3 |      50 |      48 |  49.0 |      12 |      21 |  63.6
            +---------+---------+-------+---------+---------+-------
